 Dungeon Crawl Stone Soup version 0.27-a0-416-gca2cecf3c0 (webtiles) character file.

Game seed: 10118095955442476542

692 Morbidden the Shield-Bearer (level 7, 10/53 HPs)
             Began as a Demonspawn Fighter on Feb 25, 2021.
             Quit the game on level 4 of the Dungeon.
             The game lasted 00:03:44 (4532 turns).

Morbidden the Shield-Bearer (Demonspawn Fighter)    Turns: 4532, Time: 00:03:45

Health: 10/53      AC: 12    Str: 16    XL:     7   Next: 36%
Magic:  7/7        EV:  8    Int: 12    God:
Gold:   256        SH:  9    Dex: 12    Spells: 6/6 levels left

rFire    . . .     SeeInvis +   g - +1 dagger (protect)
rCold    . . .     Faith    .   c - +0 kite shield
rNeg     . . .     Spirit   .   b - +0 scale mail
rPois    .         Reflect  .   s - +1 helmet
rElec    .         Harm     .   (no cloak)
rCorr    .         Rampage  .   (no gloves)
Will     .....                  (no boots)
Stlth    ..........             (no amulet)
HPRegen  0.17/turn              r - ring of see invisible
MPRegen  0.10/turn              (no ring)

@: no status effects
A: thin metallic scales 2, demonic guardian 1, foul stench 2
a: no special abilities


You were on level 4 of the Dungeon.
You visited 1 branch of the dungeon, and saw 4 of its levels.

You collected 256 gold pieces.

Inventory:

Hand Weapons
 a - a +0 long sword
 g - a +1 dagger of protection (weapon)
Missiles
 i - 12 poisoned darts (quivered)
Armour
 b - a +0 scale mail (worn)
 c - a +0 kite shield (worn)
 s - a +1 helmet (worn)
Jewellery
 r - a ring of see invisible (left hand)
 t - an amulet of faith
 w - a ring of flight
Wands
 o - a wand of polymorph (7)
 v - a wand of acid (3)
Scrolls
 e - 7 scrolls of identify {unknown}
 f - 3 scrolls of fear {unknown}
 h - 2 scrolls of teleportation {unknown}
 k - a scroll of enchant weapon {unknown}
 n - 2 scrolls of noise {unknown}
Potions
 d - a potion of might
 j - a potion of magic {unknown}
 l - a potion of mutation {unknown}
 m - a potion of brilliance {unknown}
 p - a potion of cancellation {unknown}
 q - a potion of flight {unknown}
 u - 2 potions of haste {unknown}


   Skills:
 + Level 3.8 Fighting
 + Level 3.7(4.0) Short Blades
 + Level 2.2(3.3) Long Blades
 + Level 4.2 Armour
 + Level 2.4 Dodging
 + Level 0.4 Stealth
 + Level 4.4 Shields
 + Level 0.1 Evocations


You had 6 spell levels left.
You didn't know any spells.
Your spell library was empty.

Dungeon Overview and Level Annotations

Branches:
Dungeon (4/15)
 Temple: D:4-7

Altars:
Ashenzari
Dithmenos
Nemelex Xobeh
Okawaru
Trog
Zin

Annotations:
D:3 2 runed translucent doors, Garrluk's ghost, amateur HuWr


Innate Abilities, Weirdness & Mutations

You are mostly covered in thin metallic scales. (AC +3)
A weak demonic guardian rushes to your aid.
You sometimes emit foul miasma when damaged in melee.


Message History

* * * LOW HITPOINT WARNING * * *
You writhe in agony.
* * * LOW HITPOINT WARNING * * *
You can move again.
Unknown command.
Unknown command.
Unknown command.
Aiming: Corrosive Bolt
Press: ? - help, Shift-Dir - straight line, f - Grinder
Aim: Grinder (moderately wounded, 32% to evade)
The bolt of acid hits Grinder!
Grinder is splashed with acid!
Grinder is almost dead.
Grinder blinks!
Unknown command.
Unknown command.
Aiming: Corrosive Bolt
Press: ? - help, Shift-Dir - straight line, f/p - Grinder
Aim: Grinder (almost dead, 32% to evade)
The bolt of acid hits Grinder!
Grinder is splashed with acid.
The acid corrodes Grinder!
You kill Grinder!
You have reached level 7!
Your demonic ancestry asserts itself...
You feel the presence of a demonic guardian.
Unknown command.
w - a ring of flight Are you sure you want to abandon this character and quit the game? (Confirm with "yes".)
Okay, then.
Unknown command.
Unknown command.
Are you sure you want to abandon this character and quit the game? (Confirm with "yes".)
Okay, then.
Are you sure you want to abandon this character and quit the game? (Confirm with "yes".)
Okay, then.
Unknown command.
Unknown command.
Save game and exit?
Okay, then.
Unknown command.
Are you sure you want to abandon this character and quit the game? (Confirm with "yes".)

############
#...@......#
#############.#.#.####.#
...................#
#############.#.#.##
.........# #.....#
########.#####.....#
...............#.#..#
########.#####......#
#.## ##.#.#.#


There were no monsters in sight!

Vanquished Creatures
  Grinder (D:4)
  Sigmund (D:4)
  A sky beast (D:4)
  Blork the orc (D:4)
  A centaur skeleton (D:3)
  An iguana (D:4)
  Robin (D:4)
  4 adders
  2 oozes
  3 worms
  4 dart slugs
  3 leopard geckos
  A ball python (D:1)
  A giant cockroach (D:4)
  3 hobgoblins
  6 jackals
  4 kobolds
  A quokka (D:3)
  12 bats
  4 frilled lizards
  13 goblins
  8 rats
76 creatures vanquished.

Notes
Turn   | Place    | Note
-------+----------+-------------------------------------------
     0 | D:1      | Morbidden the Demonspawn Fighter began the quest for the
                  | Orb.
     0 | D:1      | Reached XP level 1. HP: 18/18 MP: 1/1
   453 | D:1      | Gained mutation: You may rarely emit foul miasma when
                  | damaged in melee. [demonic ancestry]
   453 | D:1      | Reached XP level 2. HP: 22/24 MP: 2/2
  1176 | D:2      | Reached XP level 3. HP: 22/29 MP: 3/3
  1492 | D:2      | Found a broken altar of Ashenzari.
  1493 | D:2      | Found a sparkling altar of Nemelex Xobeh.
  1555 | D:2      | Found a bloodstained altar of Trog.
  1564 | D:2      | Found a shadowy altar of Dithmenos.
  1568 | D:2      | Found an iron altar of Okawaru.
  1825 | D:2      | Reached skill level 1 in Short Blades
  2625 | D:3      | Gained mutation: You sometimes emit foul miasma when
                  | damaged in melee. [demonic ancestry]
  2625 | D:3      | Reached XP level 4. HP: 32/35 MP: 4/4
  2978 | D:3      | Reached skill level 1 in Dodging
  3025 | D:3      | Found a large runed translucent door.
  3027 | D:3      | Found a large runed translucent door.
  3027 | D:3      | Noticed Garrluk's ghost (amateur HuWr)
  3564 | D:4      | Noticed Robin
  3572 | D:4      | Killed Robin
  3573 | D:4      | Gained mutation: You are partially covered in thin metallic
                  | scales. (AC +2) [demonic ancestry]
  3573 | D:4      | Reached XP level 5. HP: 38/41 MP: 5/5
  3724 | D:4      | Found a glowing silver altar of Zin.
  3760 | D:4      | Noticed Sigmund
  3800 | D:4      | Killed Sigmund
  3801 | D:4      | Gained mutation: You are mostly covered in thin metallic
                  | scales. (AC +3) [demonic ancestry]
  3801 | D:4      | Reached XP level 6. HP: 25/47 MP: 6/6
  4281 | D:4      | Noticed a sky beast
  4360 | D:4      | Killed a sky beast
  4399 | D:4      | Noticed Blork the orc
  4425 | D:4      | Killed Blork the orc
  4502 | D:4      | Noticed Grinder
  4520 | D:4      | Paralysed by Grinder for 6 turns
  4527 | D:4      | Killed Grinder
  4528 | D:4      | Gained mutation: A weak demonic guardian rushes to your
                  | aid. [demonic ancestry]
  4528 | D:4      | Reached XP level 7. HP: 10/53 MP: 7/7
  4532 | D:4      | Quit the game

Illustrated notes

Levels and vault maps discovered:
D:1:      moated_graveyard_arrival, layout_loops_ring
D:2:      kennysheep_six_static_rooms, layout_basic,
          nicolae_overflow_hidden_temple, minmay_misc_feat_x
D:3:      layout_loops_ring, ebering_ghost_disaster_area
D:4:      layout_loops_ring, zin_statuary, uniq_blork_the_orc, uniq_grinder,
          uniq_sigmund, uniq_robin

Skill      XL: |  1  2  3  4  5  6 |
---------------+-------------------+-----
Long Blades    | 2 |  2.2
Armour         | 3 4 |  4.2
Shields        | 3 4 |  4.4
Short Blades   | 1 2 3 |  3.7
Dodging        | 1 2 |  2.4
Fighting       | |  3.8
Stealth        | |  0.4
Evocations     | |  0.1

Action                   |  1- 3 |  4- 6 |  7- 9 || total
-------------------------+-------+-------+-------++-------
Melee: Long sword        |    42 |       |       ||    42
       Dagger            |   166 |   312 |       ||   478
Evoke: Wand              |       |     2 |       ||     2
Armor: Scale mail        |   112 |   132 |       ||   244
Dodge: Dodged            |    69 |    72 |       ||   141
Block: Kite shield       |   114 |   104 |       ||   218
       Rpst.: Long sword |     3 |       |       ||     3

Table legend: (Time is in decaauts)
 A = Elapsed time spent in this place.
 B = Non-inter-level travel time spent in this place.
 C = Inter-level travel time spent in this place.
 D = Time resting spent in this place.
 E = Time spent auto-exploring this place.
 F = Levels seen in this place.
 G = Mean time per level.
                   A        B        C        D        E       F      G
               +--------+--------+--------+--------+--------+-----+--------+
         Total |   4609 |   4567 |     42 |    100 |   3591 |   4 | 1152.2 |
       Dungeon |   4609 |   4567 |     42 |    100 |   3591 |   4 | 1152.2 |
               +--------+--------+--------+--------+--------+-----+--------+

Top non-repeatable levels by time:
     D:2: 1373 daAuts
     D:1: 1194 daAuts
     D:4: 1036 daAuts
     D:3: 1005 daAuts
